Unix NetHack Version 5.0.0-0 post-release - last build May 30 2026 05:04:26 (55804bc15828dd6e32e9076e0726aa6fccb6e981,branch:main).

Game began 2026-05-31 11:30:27, ended 2026-05-31 12:04:22.

Booker, lawful male human Knight

                                ------  -----
                                |....|  |...|
                                |.00.----...|
                                |..0........|
                                |`.--->---#.|
                                |---------.---
                                |.^.^.<|.....|
                                |..----|.....|
                                --.|   |..Y..|
                                 |^-----.B@..|
                                 |.....%.....|
                                 |??----------
                                 ----

Booker the Esquire       St:15 Dx:10 Co:13 In:8 Wi:15 Ch:17  Lawful S:1268
Dlvl:6  $:212 HP:0(43) Pw:35(35) AC:2  Xp:5/179 T:3119  Burdened

Latest messages:
 You hit the gas spore.
 You kill the gas spore!
 Boom!
 You are caught in the gas spore's explosion!
 You hit the raven!
 The raven bites!
 The raven misses!
 You miss the raven.
 The raven misses!
 The raven misses!
 The raven misses!
 You miss the raven.
 The raven bites!
 The raven bites!
 You hit the raven!
 The raven bites!
 The raven misses!
 You miss the raven.
 The raven bites!
 The raven just misses!
 #
 #En: unknown extended command.
 #
 #en: unknown extended command.
 What do you want to write with? [- abpxEIKNO or ?*]
 A lit field surrounds you!
 You write in the dust with a wand of light.
 The raven turns to flee.
 The raven turns to flee.
 The raven turns to flee.
 You stop waiting.
 You stop waiting.
 Are you waiting to get hit?  Use 'm' prefix to force a no-op (to rest).
 Are you waiting to get hit?
 You miss the raven.
 The raven misses!
 The raven bites!
 You miss the raven.
 The raven bites!
 The raven bites!
 What do you want to drink? [tuADJM or ?*]
 You feel better.
 The ape hits!
 The ape hits again!
 The ape misses!
 The raven bites!
 The ape misses!
 The ape hits!
 The ape bites!
 You die...

Inventory:
 Coins    ('$')
  $ - 212 gold pieces
 Weapons  (')')
  a - an uncursed +1 long sword (weapon in right hand)
  b - an uncursed +1 lance (alternate weapon; not wielded)
 Armor    ('[')
  d - an uncursed +0 helmet (being worn)
  f - an uncursed +0 pair of leather gloves (being worn)
  C - an uncursed +0 pair of jumping boots (being worn)
  e - an uncursed +0 small shield (being worn)
  c - an uncursed +1 ring mail (being worn)
 Comestibles  ('%')
  w - an uncursed mango
  g - 10 uncursed apples
  h - 11 uncursed carrots
  q - 2 uncursed food rations
  P - an uncursed tripe ration
  y - 2 uncursed lichen corpses
 Scrolls  ('?')
  r - an uncursed scroll of amnesia
  G - a blessed scroll of identify
  F - an uncursed scroll of remove curse
 Potions  ('!')
  u - a blessed potion of booze
  A - a blessed potion of extra healing
  D - an uncursed potion of levitation
  J - an uncursed potion of oil
  t - an uncursed potion of sickness
 Rings    ('=')
  I - a cursed +0 ring of adornment
  N - a cursed ring of shock resistance
 Wands    ('/')
  O - an uncursed wand of light (0:11)
  K - an uncursed wand of slow monster (0:6)
  E - an uncursed wand of teleportation (0:4)
 Tools    ('(')
  l - a blessed magic lamp
  z - an uncursed magic whistle
  o - an uncursed skeleton key
  p - an uncursed towel
 Gems/Stones  ('*')
  x - an uncursed worthless piece of yellowish brown glass

Booker the Knight's attributes:

Background:
 You were an Esquire, a level 5 male human Knight.
 You were lawful, nominally on a mission for Lugh
 who was opposed by Brigit (neutral) and Manannan Mac Lir (chaotic).
 You were right-handed.
 You were in Sokoban, on level 6.
 You entered the dungeon 3119 turns ago.
 There was a full moon in effect when your adventure ended.
 You had 179 experience points, 141 more were needed to attain level 6.
 Your score was 1268 before end-of-game adjustments.

Basics:
 You had 0 out of 43 hit points.
 You had all 35 energy points (spell power).
 Your armor class was 2.
 Your wallet contained 212 zorkmids.
 Autopickup was off.

Final Characteristics:
 Your strength was 15 (limit:18/100).
 Your dexterity was 10 (limit:18).
 Your constitution was 13 (limit:18).
 Your intelligence was 8 (limit:18).
 Your wisdom was 15 (limit:18).
 Your charisma was 17 (limit:18).

Final Status:
 You weren't hungry.
 You were burdened; movement was slightly slowed.
 You were wielding a long sword.
 You had basic skill with long sword.

Final Attributes:
 You were piously aligned.
 You could jump.
 You were warded.
 You were lucky.
 You are dead.

Miscellaneous:
 You disabled loading and storing of bones levels.
 Total elapsed playing time was 33 minutes and 54 seconds.

Major events:
 Turn
    1: Booker the lawful male human Knight entered the dungeon
  568: entered the Gnomish Mines
 1568: attained the rank of Esquire (level 3)
 2685: entered Sokoban
 3119: killed by an ape

You didn't know any spells.

Skills:
 Fighting Skills
   bare handed combat [Unskilled]
   two weapon combat  [Unskilled]
   riding             [Basic]
 Weapon Skills
   dagger             [Unskilled]
   knife              [Unskilled]
   axe                [Unskilled]
   pick-axe           [Unskilled]
   short sword        [Unskilled]
   broadsword         [Unskilled]
   long sword         [Basic]
   two-handed sword   [Unskilled]
   saber              [Unskilled]
   club               [Unskilled]
   mace               [Unskilled]
   morning star       [Unskilled]
   flail              [Unskilled]
   hammer             [Unskilled]
   polearms           [Unskilled]
   spear              [Unskilled]
   trident            [Unskilled]
   lance              [Basic]
   bow                [Unskilled]
   crossbow           [Unskilled]
 Spellcasting Skills
   attack spells      [Unskilled]
   healing spells     [Unskilled]
   clerical spells    [Unskilled]

Voluntary challenges:
 Character rerolling was not enabled.
 You were an atheist.
 You never genocided any monsters.
 You never polymorphed an object.
 You never changed form.
 You used no wishes.
 You did not violate any of the special Sokoban rules.
Achievements:
 You entered a shop.
 You entered the Gnomish Mines.
 You attained the rank of Esquire.
 You entered Sokoban.

 The Dungeons of Doom: levels 1 to 7
    Level 1:
       A fountain, a grave.
    Level 2:
       A tool shop, a grave.
       Stairs down to The Gnomish Mines.
    Level 3:
       A fountain.
    Level 4:
    Level 5:
    Level 6:
       Many fountains.
    Level 7:
       A throne, a sink.
       Stairs up to Sokoban, level 6.
 The Gnomish Mines:
    Level 3:
 Sokoban:
    Level 6: <- You were here.
       Unsolved.
       Final resting place for
          you, killed by an ape.


Vanquished creatures:
  a raven
  4 bugbears
  a pony
  a fog cloud
  a gnome leader
  a ghoul
  a giant ant
  a hill orc
  a giant bat
  a gas spore
  2 hobgoblins
  a giant rat
  a cave spider
  a yellow mold
  2 geckos
  6 jackals
  a fox
  2 goblins
  3 grid bugs
  2 bats
  6 lichens
  9 newts
49 creatures vanquished.

No species were genocided or became extinct.

Game over:
                       ----------
                      /          \
                     /    REST    \
                    /      IN      \
                   /     PEACE      \
                  /                  \
                  |      Booker      |
                  |      212 Au      |
                  | killed by an ape |
                  |                  |
                  |                  |
                  |                  |
                  |       2026       |
                 *|     *  *  *      | *
        _________)/\\_//(\/(/\)/\//\/|_)_______

Fare thee well Booker the Knight...

You died in Sokoban on dungeon level 6 with 1247 points,
and 212 pieces of gold, after 3119 moves.
You were level 5 with a maximum of 43 hit points when you died.

